 Dungeon Crawl Stone Soup version 0.31.0-11-ge490571c62 (webtiles) character file.

Game seed: 16478710212021425619

3045 thirtiethelement the Martial Artist (level 9, 0/55 HPs)
             Began as an Octopode Shapeshifter on Feb 7, 2024.
             Was a Follower of Okawaru.
             Slain by a gnoll
             ... wielding a +0 halberd
              (13 damage)
             ... on level 7 of the Dungeon.
             The game lasted 00:18:21 (7003 turns).

thirtiethelement the Martial Artist (OpSh)          Turns: 7003, Time: 00:18:23

Health: 0/55       AC:  1    Str: 13    XL:     9   Next: 87%
Magic:  18/18      EV: 12    Int: 13    God:    Okawaru [*.....]
Gold:   345        SH:  9    Dex: 15    Spells: 7/8 levels left

rFire   . .          .
                       - Unarmed
rCold   . . .        D - +2 kite shield
rNeg    . . .        (helmet currently unavailable)
rPois   +            r - amulet of faith
rElec   .            f - ring of poison resistance
rCorr   .            v - ring of magical power
SInv    .            (no ring)
Will    .....        (no ring)
Stlth   +++++        (no ring)
HPRegen 0.29/turn    (no ring)
MPRegen 0.16/turn    (no ring)
                     (no ring)

%: faith
@: beast-form
A: beast (slay +3), almost no armour, amphibious, 8 rings, camouflage 1,
gelatinous body 1, (nimble swimmer 1), tentacles
a: Begin Untransformation, Renounce Religion, Heroism


You were on level 7 of the Dungeon.
You worshipped Okawaru.
Okawaru was aware of your devotion.
You were a hulking beast.
You visited 2 branches of the dungeon, and saw 8 of its levels.

You collected 345 gold pieces.

Inventory:

Missiles
 e - 4 boomerangs (quivered)
 j - 3 throwing nets
 w - 4 poisoned darts
Armour
 D - a +2 kite shield (worn)
Jewellery
 f - a ring of poison resistance (left tentacle)
 r - an amulet of faith (around mantle)
 v - a ring of magical power (right tentacle)
 A - an amulet of magic regeneration
Talismans
 b - a beast talisman
 c - a flux talisman
 m - a blade talisman
Wands
 z - a wand of flame (12)
Scrolls
 d - a scroll of revelation
 g - a scroll of identify
 l - 2 scrolls of fear
 p - a scroll of enchant weapon
 q - 2 scrolls of poison
 t - a scroll of blinking
 x - a scroll of brand weapon
 y - a scroll of fog
 C - 4 scrolls of immolation
Potions
 a - 2 potions of lignification
 h - 5 potions of curing
 i - 2 potions of attraction
 k - a potion of cancellation
 n - a potion of berserk rage
 o - a potion of resistance
 s - a potion of mutation {unknown}
 u - a potion of enlightenment {unknown}
 B - 3 potions of heal wounds


   Skills:
 + Level 2.8 Fighting
 + Level 5.0 Throwing
 + Level 4.5 Dodging
 + Level 8.2 Stealth
 + Level 8.4 Unarmed Combat
 + Level 0.1 Spellcasting
 + Level 0.2 Hexes
 * Level 5.8 Shapeshifting


You had 7 spell levels left.
You knew the following spells:

 Your Spells              Type           Power      Damage    Failure   Level
a - Slow                  Hex            0%         N/A       75%         1

Your spell library contained the following spells:

 Spells                   Type           Power      Damage    Failure   Level
 Jinxbite                 Hex            0%         N/A       87%         2
 Confusing Touch          Hex            0%         N/A       98%         3
 Sigil of Binding         Hex            0%         N/A       98%         3
 Vampiric Draining        Necr           0%         2d6       98%         3
 Yara's Violent Unravell  Hex/Alch       0%         3d3       100%        5
 Enfeeble                 Hex            0%         N/A       100%        7
 Chain Lightning          Conj/Air       0%         N/A       100%        9
 Fire Storm               Conj/Fire      0%         5d1       100%        9
 Shatter                  Erth           0%         3d5*      100%        9


Dungeon Overview and Level Annotations

Branches:
Dungeon (7/15)             Temple (1/1) D:5

Altars:
Ashenzari
Cheibriados
Dithmenos
Elyvilon
Fedhas
Gozag
Hepliaklqana
Kikubaaqudgha
Makhleb
Nemelex Xobeh
Okawaru
Qazlal
Ru
Sif Muna
Trog
Uskayaw
Vehumet
Wu Jian
Xom
Zin
The Shining One


Innate Abilities, Weirdness & Mutations

You are a hulking beast.
Your limbs bulge with bestial killing power. (Slay +3)
You cannot wear most types of armour.
You are amphibious.
You can wear up to eight rings at the same time.
Your skin changes colour to match your surroundings (Stealth+).
Your rubbery body absorbs attacks. (AC +1, EV +1)
((You are camouflaged when in or above water. (Stealth+)))
You have tentacles for arms and can constrict up to eight enemies at once.


Message History

The boomerang barely misses the gnoll sergeant.
A gnoll sergeant comes into view. It is wielding a +0 trident.
Throw: 4 boomerangs
Press: ? - help, Q - select action, (/) - cycle Shift-Dir - straight line, f/p - gnoll sergeant
Aim: a gnoll sergeant, wielding a +0 trident and wearing a +0 ring mail (lightly wounded, 71% to hit)
Okay, then.
Things that are here:
a +0 flail; a +0 trident; a +0 ring mail The gnoll sergeant attacks as it pursues you!
You block the gnoll sergeant's attack. You block the gnoll sergeant's attack.
You bludgeon the gnoll sergeant! You grab the gnoll sergeant.
You squeeze the gnoll sergeant!
The gnoll sergeant is severely wounded.
You constrict the gnoll sergeant, but do no damage.
You block the gnoll sergeant's attack.
You tentacle-slap the gnoll sergeant.
The gnoll sergeant is almost dead.
You constrict the gnoll sergeant, but do no damage.
The gnoll barely misses you. You block the gnoll sergeant's attack.
You tentacle-slap the gnoll sergeant.
You kill the gnoll sergeant!
Okawaru accepts your kill.
The gnoll hits you from afar with a +0 halberd!
Items here: ))) [[ †.
You tentacle-slap the gnoll sergeant. You grab the gnoll sergeant.
You squeeze the gnoll sergeant!
The gnoll sergeant is heavily wounded.
You constrict the gnoll sergeant, but do no damage.
You block the gnoll's attack. You block the gnoll sergeant's attack.
The gnoll sergeant hits you with a +0 trident!
The gnoll hits you from afar with a +0 halberd.
* * * LOW HITPOINT WARNING * * *
You bludgeon the gnoll sergeant!
You tentacle-slap the gnoll sergeant, but do no damage.
You squeeze the gnoll sergeant.
You kill the gnoll sergeant!
Okawaru accepts your kill.
The gnoll hits you from afar with a +0 halberd!
You die...

#.##.#
####.##.####
...........##
.###.#####..#####
### ##.....##
#####..# ##.# #.#
#h# #)# ......g.#
g...♣♣### ## ).
.# .# .# .#


You could see a gnoll.

Vanquished Creatures
  Pikel (D:5)
  2 water moccasins
  3 ice beasts
  2 black bears
  A centaur (D:5)
  A phantom (D:5)
  2 bullfrogs (D:7)
  3 scorpions
  4 gnoll sergeants (D:7)
  4 hounds
  A bombardier beetle (D:4)
  A jelly (D:6)
  5 orc priests
  A gnoll bouda (D:7)
  Natasha (thrice) (D:2)
  4 iguanas
  9 orc wizards
  24 gnolls
  12 adders
  A shadow imp (D:7)
  A white imp (D:7)
  4 ufetubi
  2 ribbon worms
  11 dart slugs
  28 orcs
  5 endoplasms
  14 giant cockroaches
  6 goblins
  3 hobgoblins
  4 jackals (D:2)
  5 kobolds
  3 quokkas
  6 ball pythons
  8 bats
  4 frilled lizards
  2 rats (D:1)
190 creatures vanquished.

Vanquished Creatures (others)
  A human (D:4)
1 creature vanquished.

Grand Total: 191 creatures vanquished

Notes
Turn   | Place    | Note
-------+----------+-------------------------------------------
     0 | D:1      | thirtiethelement the Octopode Shapeshifter began the quest
                  | for the Orb.
     0 | D:1      | Reached XP level 1. HP: 13/13 MP: 1/1
   220 | D:1      | Reached XP level 2. HP: 18/18 MP: 2/2
   320 | D:1      | Reached XP level 3. HP: 10/23 MP: 3/3
   724 | D:2      | Found a radiant altar of Vehumet.
   993 | D:2      | Found a faded altar of an unknown god.
  1071 | D:2      | Noticed Natasha
  1087 | D:2      | Killed Natasha
  1088 | D:2      | Reached skill level 1 in Throwing
  1088 | D:2      | Reached skill level 1 in Stealth
  1088 | D:2      | Reached XP level 4. HP: 8/28 MP: 4/4
  1114 | D:2      | Noticed Natasha
  1139 | D:2      | Killed Natasha
  1194 | D:2      | Reached XP level 5. HP: 27/33 MP: 5/5
  1362 | D:2      | Learned a level 1 spell: Slow
  1445 | D:2      | Noticed Natasha
  1452 | D:2      | Killed Natasha
  2021 | D:3      | Reached XP level 6. HP: 9/38 MP: 6/6
  2529 | D:3      | Found a hazy altar of Hepliaklqana.
  2780 | D:3      | Found a stormy altar of Qazlal.
  2898 | D:4      | Reached skill level 5 in Unarmed Combat
  3027 | D:4      | Reached XP level 7. HP: 44/44 MP: 7/7
  3975 | D:4      | Found an ancient bone altar of Kikubaaqudgha.
  3975 | D:4      | Noticed a human
  3981 | D:4      | Killed a human
  4015 | D:4      | Reached skill level 5 in Stealth
  4217 | D:5      | Entered Level 5 of the Dungeon
  4217 | D:5      | Noticed Pikel
  4228 | D:5      | Killed Pikel
  4229 | D:5      | Reached XP level 8. HP: 8/50 MP: 8/8
  4671 | D:5      | Reached skill level 5 in Shapeshifting
  4688 | D:5      | Reached XP level 9. HP: 48/54 MP: 9/9
  4792 | D:5      | Found a staircase to the Ecumenical Temple.
  4799 | Temple   | Entered the Ecumenical Temple
  5721 | D:6      | Found a radiant altar of Vehumet.
  5724 | D:6      | Found a sacrificial altar of Ru.
  5725 | D:6      | Found a blossoming altar of Fedhas.
  5726 | D:6      | Found a shimmering blue altar of Sif Muna.
  5727 | D:6      | Found an ornate altar of the Wu Jian Council.
  5800 | D:6      | Found an iron altar of Okawaru.
  5808 | D:6      | Became a worshipper of Warmaster Okawaru
  6047 | D:6      | Found a sparkling altar of Nemelex Xobeh.
  6125 | D:6      | Found a glowing golden altar of the Shining One.
  6126 | D:6      | Found a white marble altar of Elyvilon.
  6127 | D:6      | Found a glowing silver altar of Zin.
  6530 | D:7      | Reached * piety under Okawaru
  6673 | D:7      | Found a broken altar of Ashenzari.
  6907 | D:7      | Reached skill level 5 in Throwing
  7003 | D:7      | Slain by a gnoll

Illustrated notes

Levels and vault maps discovered:
D:1:      shiori_arrival_elements, layout_basic, minmay_tetromino_i2
D:2:      minmay_roachtagon, layout_loops_ring,
          dilly_ecumenical_altar_fadedgnrine, basic_altar, minmay_3d_cube,
          uniq_natasha
D:3:      kennysheep_slugbush, layout_rooms, worldfamousw_hep_ancestral_shrine,
          mainiacjoe_overflow_alcove_4
D:4:      layout_basic, tgw_kikubaaqudgha, minmay_misc_feat_plants, st_stairs_7
D:5:      layout_cave_pools, minmay_temple_entry_mist, serial_park_tiny_2,
          uniq_pikel
D:6:      layout_loops_ring, good_gods_temple_1, okawaru_gym_becter, minitemple,
          nemelex_diamond_rough_becter, chequers_hall_statues_wall_a,
          nrook_mini_vaults
D:7:      layout_loops_ring, nicolae_ashenzari_panopticon,
          minmay_stone_trees_small, pf_guarded_unrand_woodcutter
Temple:   nicolae_temple_bog_church

Skill      XL: |  1  2  3  4  5  6  7  8  9 |
---------------+----------------------------+-----
Throwing       | 1 2 3 5 |  5.0
Stealth        | 1 2 4 6 8 |  8.2
Unarmed Combat | 4 5 6 7 8 |  8.4
Dodging        | 3 4 |  4.5
Shapeshifting  | 4 5 |  5.8
Fighting       | 2 |  2.8
Spellcasting   | |  0.1
Hexes          | |  0.2

Action                     |  1- 3 |  4- 6 |  7- 9 || total
---------------------------+-------+-------+-------++-------
  Melee: Unarmed           |    58 |   118 |   213 ||   389
         Constrict         |    14 |    33 |    54 ||   101
         Tentacles         |     8 |    37 |    46 ||    91
         Punch             |     1 |     2 |    14 ||    17
  Throw: Boomerang         |    20 |    23 |    70 ||   113
         Dart              |       |       |     4 ||     4
   Cast: Slow              |       |     1 |       ||     1
    Use: Scroll            |       |     8 |    10 ||    18
         Potion            |       |       |     1 ||     1
   Stab: Sleeping          |     4 |    11 |    23 ||    38
         Distracted        |       |       |     2 ||     2
 Armour: Skin              |    27 |    62 |   129 ||   218
  Dodge: Dodged            |    33 |    81 |   121 ||   235
  Block: Kite shield       |       |       |     7 ||     7
